Map: Void Training Stage 3

Players

Fuzzi

  • Race: Terran Terran
  • League: Diamond

Player 2 - Winner!

  • Race: Protoss Protoss

VOD

Have the link to the VOD?

Description

2 medieval drop with stem

Time

  • Played on: Feb. 15, 2016, 11:25 a.m.
  • Length: 6:21
Show
View Real Time Build Order
Export as new Build Order

Fuzzi Terran 

Build Orders: Command Center First (CC), MMM Bio 

Get SALT Encoding   

  12  0:00  SCV  
  13  0:13  SCV  
  14  0:18  Supply Depot  
  14  0:25  SCV  
  15  0:40  SCV  
  16  0:52  SCV  
  17  1:02  Command Center  
  17  1:06  SCV  
  18  1:11  Refinery  
  18  1:26  SCV, Barracks  
  19  1:38  SCV  
  20  1:50  SCV  
  21  2:02  SCV  
  22  2:13  Supply Depot  
  22  2:14  Orbital Command x2  
  22  2:17  Barracks Tech Lab  
  22  2:36  Stimpack, Marine  
  23  2:40  SCV  
  23  2:41  SCV  
  25  2:51  Barracks  
  25  2:53  Barracks  
  25  2:54  Marine  
  25  2:56  SCV  
  25  2:57  SCV  
  28  3:04  Factory  
  28  3:08  SCV  
  28  3:09  SCV  
  28  3:12  Marine  
  31  3:14  Refinery  
  31  3:21  SCV x2  
  33  3:29  Marine  
  33  3:33  SCV x2  
  36  3:40  Marine x2  
  38  3:45  SCV x2  
  38  3:47  Marine  
  38  3:48  Factory Reactor, Starport  
  41  3:53  Supply Depot  
  41  3:55  Supply Depot  
  41  3:57  SCV x2  
  41  3:58  Marine x2  
  45  4:05  Marine  
  45  4:09  Engineering Bay  
  46  4:10  Engineering Bay  
  46  4:15  Marine, SCV x2  
  46  4:16  Marine  
  50  4:20  Supply Depot  
  50  4:23  Marine  
  51  4:28  SCV x2  
  53  4:32  Factory Tech Lab  
  53  4:33  Marine x2, Medivac  
  53  4:36  Medivac  
  59  4:41  Marine  
  59  4:42  Supply Depot  
  60  4:46  SCV x2  
  60  4:51  Marine, Combat Shields  
  63  4:56  Marine  
  63  4:58  Marine, SCV x2  
  67  5:09  Marine  
  67  5:12  SCV  
  67  5:13  SCV  
  70  5:14  Marine  
  70  5:15  Supply Depot  
  70  5:18  Refinery x2  
  71  5:23  Command Center  
  71  5:27  Barracks Reactor  
  71  5:28  Barracks  
  71  5:29  Barracks  
  71  5:32  Barracks Reactor  
  71  5:34  SCV x2  
  73  5:46  SCV  
  73  5:48  SCV  
  75  5:56  Marine  
  75  5:58  SCV  
Show
View Real Time Build Order
Export as new Build Order

Player 2 Protoss - Winner!

Build Orders:  

Get SALT Encoding   

  12  0:01  Probe (Chrono Boost)  
  13  0:11  Probe (Chrono Boost)  
  14  0:21  Pylon  
  14  0:22  Probe (Chrono Boost)  
  15  0:39  Probe (Chrono Boost)  
  16  0:46  Assimilator  
  17  0:50  Probe (Chrono Boost)  
  17  0:51  Gateway  
  17  0:59  Pylon  
  17  1:00  Probe (Chrono Boost)  
  18  1:31  Gateway  
  18  1:35  Assimilator  
  18  1:41  Cybernetics Core  
  18  1:45  Zealot  
  20  2:06  Pylon  
  20  2:12  Zealot  
  20  2:15  Warp Gate  
  22  2:23  Adept  
  24  2:37  Adept  
  26  2:50  Probe (Chrono Boost), Adept  
  29  2:57  Pylon  
  29  3:03  Probe (Chrono Boost), Adept  
  32  3:15  Probe (Chrono Boost), Stalker  
  35  3:25  Forge  
  36  3:27  Probe (Chrono Boost)  
  36  3:28  Adept  
  38  3:39  Probe (Chrono Boost)  
  39  3:50  Probe (Chrono Boost)  
  40  5:10  Stalker  
  40  5:12  Probe (Chrono Boost), Photon Cannon  
  40  5:14  Photon Cannon  
  43  5:15  Pylon  
  43  5:17  Robotics Facility  
  43  5:20  Stargate, Nexus  
  43  5:23  Sentry, Twilight Council  
  45  5:35  Probe (Chrono Boost)  
  46  5:36  Stalker  
  48  5:44  Pylon  
  48  5:49  Stalker  
  46  6:01  Sentry  
  41  6:14  Sentry  
Tags
 
Add a new tag
Caveats
  • Supply blocks, unpowered buildings, or Contaminate may cause inaccurate times.
  • Supply counts are checked every 10 seconds.